 Dungeon Crawl Stone Soup version 0.31-a0-983-g7b6862f502 (webtiles) character file.

Game seed: 7435703700840468357

77 lunkers the Insei (level 3, -3/27 HPs)
             Began as a Demigod Shapeshifter on Nov 2, 2023.
             Slain by a worm (11 damage)
             ... on level 2 of the Dungeon.
             The game lasted 00:01:10 (877 turns).

lunkers the Insei (Demigod Shapeshifter)             Turns: 877, Time: 00:01:11

Health: -3/27      AC:  2    Str: 15    XL:     3   Next: 92%
Magic:  5/5        EV: 12    Int: 12    God:
Gold:   44         SH:  0    Dex: 17    Spells: 2/2 levels left

rFire   . .          .
                       - Unarmed
rCold   . . .        (no shield)
rNeg    . . .        a - +0 animal skin
rPois   .            (helmet currently unavailable)
rElec   .            (cloak currently unavailable)
rCorr   .            (gloves currently unavailable)
SInv    .            (boots currently unavailable)
Will    .....        (no amulet)
Stlth   ++           (no ring)
HPRegen 0.24/turn    (no ring)
MPRegen 0.09/turn

%: no passive effects
@: lethally poisoned (-3 -> -6), beast-form
A: beast (slay +1), high MP 1, forlorn, divine attributes
a: Begin Untransformation


You were on level 2 of the Dungeon.
You were a hulking beast.
You visited 1 branch of the dungeon, and saw 2 of its levels.

You collected 44 gold pieces.

Inventory:

Armour
 a - a +0 animal skin (worn)
Talismans
 c - a beast talisman
 d - a flux talisman
Scrolls
 e - 3 scrolls of identify {unknown}
 h - a scroll of teleportation {unknown}
 i - a scroll of amnesia {unknown}
 j - a scroll of enchant weapon {unknown}
Potions
 b - a potion of lignification
 f - a potion of berserk rage {unknown}
 g - a potion of haste {unknown}


   Skills:
 - Level 0.8 Fighting
 - Level 1.7 Dodging
 * Level 4.0 Unarmed Combat
 + Level 3.3 Shapeshifting


You had 2 spell levels left.
You didn't know any spells.
Your spell library was empty.

Dungeon Overview and Level Annotations

Branches:
Dungeon (2/15)


Innate Abilities, Weirdness & Mutations

You are a hulking beast.
Your limbs bulge with bestial killing power. (Slay +1)
You have an increased reservoir of magic. (+10% MP)
You shall have no god before yourself.
Your divine heritage dramatically boosts your attributes as you level up.


Message History

You kill the goblin!
Your Unarmed Combat skill increases to level 4!
The endoplasm completely misses you.
You hit the endoplasm.
You kill the endoplasm!
No target in view!
A worm comes into view.
An adder comes into view.
There are monsters nearby!
The helpless adder fails to defend itself.
You hit the adder.
The adder is heavily wounded.
The adder bites you.
You are poisoned.
The adder poisons you!
You hit the adder.
The adder is severely wounded.
You feel sick. The adder closely misses you. The adder bites you.
You are more poisoned.
The adder poisons you!
You barely miss the adder.
The adder is severely wounded.
You feel sick. The adder bites you but does no damage.
You hit the adder but do no damage.
The adder is severely wounded.
You feel sick. The adder bites you but does no damage.
You punch the adder!
You kill the adder!
You feel sick. The worm bites you.
* * * LOW HITPOINT WARNING * * *
You barely miss the worm.
You feel sick.
Unknown command.
You hit the worm.
The worm is lightly wounded.
You feel sick. The worm bites you.
* * * LOW HITPOINT WARNING * * *
You hit the worm.
The worm is lightly wounded.
You feel sick. The worm bites you!
You die...

.# #.#..####.#.#
...###.######.. .# #.#..#
#.#)#................ .
#.#..####.#..................
#.#..#.....####.#####..######
..#.###.####.## ##.######
............... #.......
...#..#..####.## #..###.. ##
#.....####.# .##...##..
#......h...# .......#.#
........w........ #....#.#
..#.#...#######.... #...# .
#...... .....#.... #####.#
......†.... ... ....#.#.#..
### .. #.#.#.. . #.#.. ..
#.#..


You could see a worm.

Vanquished Creatures
  3 gnolls (D:2)
  2 adders (D:2)
  4 endoplasms
  A giant cockroach (D:1)
  4 goblins
  4 hobgoblins (D:1)
  3 jackals (D:2)
  A kobold (D:1)
  A quokka (D:1)
  2 ball pythons (D:1)
  A bat (D:1)
  A frilled lizard (D:2)
  3 rats (D:1)
30 creatures vanquished.

Notes
Turn   | Place    | Note
-------+----------+-------------------------------------------
     0 | D:1      | lunkers the Demigod Shapeshifter began the quest for the
                  | Orb.
     0 | D:1      | Reached XP level 1. HP: 15/15 MP: 3/3
   205 | D:1      | Reached skill level 3 in Unarmed Combat
   257 | D:1      | Reached XP level 2. HP: 22/22 MP: 4/4
   693 | D:2      | Reached XP level 3. HP: 13/27 MP: 5/5
   702 | D:2      | HP: 1/27 [gnoll/+0 whip (5)]
   862 | D:2      | Reached skill level 4 in Unarmed Combat
   877 | D:2      | Slain by a worm

Illustrated notes

Levels and vault maps discovered:
D:1:      psy_arrival_dodecagon, layout_loops_ring
D:2:      layout_basic

Skill      XL: |  1  2  3 |
---------------+----------+-----
Unarmed Combat | 3 4 |  4.0
Shapeshifting  | 3 |  3.3
Fighting       | |  0.8
Dodging        | |  1.7

Action                     || total
---------------------------++-------
  Melee: Unarmed           ||   100
         Punch             ||     5
   Stab: Sleeping          ||     3
 Armour: Animal skin       ||    43
  Dodge: Dodged            ||    40

Table legend: (Time is in decaauts)
 A = Elapsed time spent in this place.
 B = Non-inter-level travel time spent in this place.
 C = Inter-level travel time spent in this place.
 D = Time resting spent in this place.
 E = Time spent auto-exploring this place.
 F = Levels seen in this place.
 G = Mean time per level.
                   A        B        C        D        E       F      G
               +--------+--------+--------+--------+--------+-----+--------+
         Total |    870 |    870 |      0 |      0 |    667 |   2 |  435.0 |
       Dungeon |    870 |    870 |      0 |      0 |    667 |   2 |  435.0 |
               +--------+--------+--------+--------+--------+-----+--------+

Top non-repeatable levels by time:
     D:1: 444 daAuts
     D:2: 426 daAuts
